 Dungeon Crawl Stone Soup version 0.18-a0-1637-g109f206 (webtiles) character file.

3256 namelastname112 the Martial Artist (level 9, -2/79 HPs)
             Began as a Purple Draconian Monk on Mar 26, 2016.
             Was an Initiate of Ru.
             Slain by an unseen horror (7 damage)
             ... on level 7 of the Dungeon.
             The game lasted 00:12:39 (7818 turns).

namelastname112 the Martial Artist (DrMo)           Turns: 7818, Time: 00:12:40

Health: -2/79      AC:  9    Str: 13    XL:     9   Next: 67%
Magic:  18/18      EV: 15    Int: 12    God:    Ru [......]
Gold:   175        SH:  5    Dex: 16    Spells: 0 memorised, 8 levels left

rFire  . . .     SeeInvis .       - Unarmed
rCold  + . .     Gourm    .     (armour unavailable)
rNeg   . . .     Faith    .     k - +0 buckler
rPois  .         Spirit   .     (helmet restricted)
rElec  .         Dismiss  .     m - +0 cloak
rCorr  .         Reflect  .     (no gloves)
SustAt .         Harm     .     n - +0 pair of boots
MR     +....                    (no amulet)
Stlth  ..........               G - ring of magical power
                                u - ring of protection from cold

@: somewhat resistant to hostile enchantments, extremely unstealthy
A: breathe power, unfitting armour, cold-blooded, no stealth, AC +7
a: Breathe Dispelling Energy, Renounce Religion


You were on level 7 of the Dungeon.
You worshipped Ru.
Ru was noncommittal.
You were very hungry.

You visited 2 branches of the dungeon, and saw 8 of its levels.

You collected 306 gold pieces.
You spent 97 gold pieces at shops.

Inventory:

Hand Weapons
 I - a +0 blowgun
Missiles
 E - 6 curare-tipped needles
 O - a throwing net (quivered)
Armour
 k - a +0 buckler (worn)
 m - a +0 cloak (worn)
 n - a +0 pair of boots (worn)
Jewellery
 u - a ring of protection from cold (left hand)
 G - a ring of magical power (right hand)
Wands
 i - a wand of confusion (11/48)
 p - a wand of iceblast (9/15)
 s - a wand of confusion (28/48)
 t - a wand of slowing (30/48)
 x - a wand of iceblast (0/15)
Scrolls
 b - a scroll of fog {unknown}
 c - a scroll of random uselessness {unknown}
 e - 5 scrolls of identify {unknown}
 f - a scroll of noise {unknown}
 l - a scroll of enchant weapon {unknown}
 q - a scroll of fear {unknown}
 r - 6 scrolls of teleportation {unknown}
 w - 3 scrolls of blinking
 y - a scroll of magic mapping {unknown}
 A - a scroll of enchant armour {unknown}
 D - a scroll of immolation {unknown}
 F - 2 scrolls of amnesia {unknown}
 L - a scroll of torment {unknown}
Potions
 h - 2 potions of berserk rage
 o - a potion of brilliance
 v - a potion of degeneration {unknown}
 z - 3 potions of flight
 B - a potion of beneficial mutation {unknown}
 C - 2 potions of haste
 H - a potion of mutation {unknown}
 J - a potion of resistance {unknown}
 K - 2 potions of curing
Books
 N - a Young Poisoner's Handbook

   Spells                             Type                      Level
   a - Sting                          Conjuration/Poison           1
   b - Cure Poison                    Poison                       2
   c - Mephitic Cloud                 Conjuration/Poison/Air       3
   d - Olgreb's Toxic Radiance        Poison                       4
   e - Venom Bolt                     Conjuration/Poison           5
Miscellaneous
 d - a plain deck of escape {drawn: 4}
Comestibles
 a - 5 bread rations
 g - a meat ration


   Skills:
 + Level 7.1 Fighting
 + Level 5.8 Dodging
 - Level 4.4 Shields
 * Level 10.7 Unarmed Combat


You had 8 spell levels left.
You didn't know any spells.

Dungeon Overview and Level Annotations

Branches:
Dungeon (7/15)             Temple (1/1) D:7

Altars:
Ashenzari
Cheibriados
Gozag
Kikubaaqudgha
Nemelex Xobeh
Ru
Trog
Vehumet
Xom
The Shining One

Shops:
D:4 ?

Annotations:
D:5 Grinder


Innate Abilities, Weirdness & Mutations

You can breathe bolts of dispelling energy.
Your rich purple scales are hard (AC +7).
Your body does not fit into most forms of armour.
You are cold-blooded and may be slowed by cold attacks.
You cannot be stealthy.


Message History

* * * LOW HITPOINT WARNING * * *
You miss something. Something hits you but does no damage.
You hit something. Something hits you.
* * * LOW HITPOINT WARNING * * *
Something hits you but does no damage.
You swing at nothing.
Something hits you.
* * * LOW HITPOINT WARNING * * *
You barely miss something.
Something hits you but does no damage. x2
You hit something. You block something's attack.
You swing at nothing.
Something hits you!
* * * LOW HITPOINT WARNING * * *
You hit something but do no damage. Something hits you!
* * * LOW HITPOINT WARNING * * *
You swing at nothing.
You punch something! Something hits you but does no damage.
You swing at nothing.
Something hits you but does no damage. Something hits you.
* * * LOW HITPOINT WARNING * * *
You completely miss something. You tail-slap something. Something hits you!
You die...

#...#..%....#.#.#.
##.......
###...........###
##.....#
#.#.#.#.#.#.###...
##...##
...................
##+##
#...#####.#.####.#.
#.# #### #...# #.#
###.# ##.## #)#
##...## #@# #.....#
#.# ######...## #.#
........... #..
######.### ### #.#
# #.# # #.# #.# ##
#.#


There were no monsters in sight!

Vanquished Creatures
  Pikel (D:5)
  Prince Ribbit (D:5)
  Sigmund (D:2)
  A hungry ghost (D:7)
  Edmund (D:5)
  2 phantoms
  An orc warrior (D:7)
  A black bear (D:7)
  7 ogres
  4 giant frogs
  A gnoll sergeant (D:5)
  A scorpion (D:5)
  3 crimson imps (D:5)
  Crazy Yiuf (D:2)
  4 hounds
  2 orc priests (D:7)
  A centaur skeleton (D:4)
  3 iguanas
  3 worker ants
  A hound zombie (D:6)
  Robin (D:3)
  A howler monkey zombie (D:6)
  7 adders
  6 gnolls
  A shadow imp (D:6)
  2 adder skeletons
  A worm (D:3)
  A dart slug (D:1)
  5 giant geckos
  12 orcs
  10 bats
  4 giant cockroaches
  18 goblins
  6 hobgoblins
  12 jackals
  2 quokkas
  2 ball pythons
  6 giant newts
  7 kobolds
  3 rats
147 creatures vanquished.

Vanquished Creatures (others)
  2 slaves (D:5)
  Blork the orc (D:5)
  A crimson imp (D:5)
  A hound (D:5)
  An adder (D:5)
  A giant gecko skeleton (D:5)
7 creatures vanquished.

Grand Total: 154 creatures vanquished

Notes
Turn   | Place    | Note
--------------------------------------------------------------
     0 | D:1      | namelastname112 the Draconian Monk began the quest for the Orb.
     0 | D:1      | Reached XP level 1. HP: 19/19 MP: 1/1
   230 | D:1      | Reached XP level 2. HP: 19/26 MP: 2/2
   317 | D:1      | Found a shimmering altar of Xom.
  1028 | D:2      | Reached skill level 5 in Unarmed Combat
  1028 | D:2      | Reached XP level 3. HP: 22/31 MP: 3/3
  1278 | D:2      | Noticed Crazy Yiuf
  1294 | D:2      | Killed Crazy Yiuf
  1541 | D:2      | Reached XP level 4. HP: 35/38 MP: 4/4
  1681 | D:2      | Noticed Sigmund
  1710 | D:2      | Killed Sigmund
  1710 | D:2      | Reached skill level 7 in Unarmed Combat
  1710 | D:2      | Reached XP level 5. HP: 9/45 MP: 5/5
  2857 | D:3      | Reached XP level 6. HP: 51/51 MP: 6/6
  3136 | D:3      | Noticed Robin
  3187 | D:3      | Killed Robin
  3914 | D:4      | Reached skill level 1 in Shields
  4186 | D:4      | Reached skill level 8 in Unarmed Combat
  4186 | D:4      | Your scales start taking on a rich purple colour.
  4186 | D:4      | Reached XP level 7. HP: 57/59 MP: 7/7
  4271 | D:4      | Found Tiujare's Magic Scroll Boutique.
  4464 | D:4      | Bought a scroll of blinking for 97 gold pieces
  4499 | D:4      | Found a snail-covered altar of Cheibriados.
  4883 | D:5      | Entered Level 5 of the Dungeon
  4955 | D:5      | Found a sparkling altar of Nemelex Xobeh.
  4957 | D:5      | Noticed Prince Ribbit
  4960 | D:5      | Noticed Grinder
  4969 | D:5      | Noticed Pikel
  4990 | D:5      | Killed Pikel
  4990 | D:5      | Reached skill level 5 in Fighting
  4990 | D:5      | Reached skill level 9 in Unarmed Combat
  4990 | D:5      | Reached XP level 8. HP: 31/68 MP: 8/8
  5236 | D:5      | Killed Blork the orc
  5270 | D:5      | Killed Prince Ribbit
  5545 | D:5      | Noticed Edmund
  5558 | D:5      | Killed Edmund
  5597 | D:5      | Reached XP level 9. HP: 57/75 MP: 8/9
  5892 | D:5      | Found an opulent altar of Gozag.
  5929 | D:5      | Reached skill level 5 in Dodging
  6509 | D:6      | Reached skill level 10 in Unarmed Combat
  7377 | D:7      | Found a staircase to the Ecumenical Temple.
  7401 | Temple   | Entered the Ecumenical Temple
  7413 | Temple   | HP: 3/78 [phantom (5)]
  7485 | Temple   | Became a worshipper of Ru the Awakened
  7502 | Temple   | Gained mutation: You cannot be stealthy. [Ru sacrifice]
  7818 | D:7      | Slain by an unseen horror

Vault maps used:
D:1:      roderic_crop_circles_arrival_small, xom_teletrap_fun
D:2:      uniq_sigmund, uniq_crazy_yiuf_cottage
D:3:      kennysheep_goblin_castle, minmay_unequal
D:4:      marbit_many_paths, serial_shops, shop_statue, minmay_box_of_dots
D:5:      nemelex_deck, first_bread,
          nicolae_gozag_cash_rules_everything_around_me, uniq_edmund,
          uniq_prince_ribbit1, uniq_blork_the_orc, uniq_grinder, uniq_pikel
D:7:      minmay_temple_entry_glass
Temple:   grunt_circular_temple_18

Skill      XL: |  1  2  3  4  5  6  7  8  9 |
---------------+----------------------------+-----
Unarmed Combat | 5 7 8 9 10 | 10.7
Shields        | 1 3 4 |  4.4
Dodging        | 3 4 5 |  5.8
Fighting       | 4 5 7 |  7.1
Stealth        | 0 |  0.0

Action                   |  1- 3 |  4- 6 |  7- 9 || total
-------------------------+-------+-------+-------++-------
Melee: Unarmed           |   114 |    46 |   118 ||   278
       Dagger            |       |   137 |   211 ||   348
Throw: Throwing net      |       |       |     1 ||     1
Invok: Sacrifice Stealth |       |       |     1 ||     1
 Abil: Breathe Dispellin |       |       |     5 ||     5
Evoke: Wand              |     2 |     2 |     5 ||     9
       Deck              |       |       |     4 ||     4
  Use: Potion            |       |     2 |     7 ||     9
 Stab: Confused          |     2 |     3 |     3 ||     8
       Sleeping          |     2 |     2 |     1 ||     5
       Distracted        |       |       |     1 ||     1
  Eat: Chunk             |     2 |     9 |     6 ||    17
       Pizza             |       |       |     1 ||     1
       Fruit             |       |       |     1 ||     1
       Meat ration       |       |       |     1 ||     1
